 Dungeon Crawl Stone Soup version 0.22.0-16-gc6d26f6 (webtiles) character file.

18 sking99 the Insei (level 2, -5/18 HPs)
             Began as an Octopode Transmuter on Aug 17, 2018.
             Was an Initiate of Okawaru.
             Slain by Terence
             ... wielding a +0 flail
              (13 damage)
             ... on level 1 of the Dungeon.
             The game lasted 00:02:01 (1242 turns).

sking99 the Insei (Octopode Transmuter)             Turns: 1242, Time: 00:02:03

Health: -5/18      AC:  1    Str:  9    XL:     2   Next: 66%
Magic:  5/5        EV: 13    Int: 15    God:    Okawaru [......]
Gold:   53         SH:  0    Dex: 12    Spells: 4/5 levels left

rFire    . . .     SeeInvis .     - Unarmed
rCold    . . .     Gourm    .   (no shield)
rNeg     . . .     Faith    .   (helmet restricted)
rPois    .         Spirit   .   (no amulet)
rElec    .         Reflect  .   (no ring)
rCorr    .         Harm     .   (no ring)
MR       .....                  (no ring)
Stlth    ++........             (no ring)
HPRegen  0.06/turn              (no ring)
MPRegen  0.09/turn              (no ring)
                                (no ring)
                                (no ring)

@: appendage (expiring)
A: almost no armour, stealthy swim, amphibious, 8 rings, constrict 8, tentacle
spike 3, camouflage 1, gelatinous body 1
a: End Transformation, Renounce Religion


You were on level 1 of the Dungeon.
You worshipped Okawaru.
Okawaru was noncommittal.
You were not hungry.
One of your tentacles had a temporary spike.
You visited 1 branch of the dungeon, and saw 2 of its levels.

You collected 53 gold pieces.

Inventory:

Missiles
 a - 38 arrows
Jewellery
 k - an uncursed ring of fire {unknown}
Scrolls
 f - a scroll of random uselessness {unknown}
 j - a scroll of teleportation {unknown}
Potions
 b - a potion of lignification {unknown}
 d - a potion of cancellation {unknown}
 e - 2 potions of flight
 h - 2 potions of ambrosia
 i - a potion of might {unknown}
Comestibles
 c - 5 rations
 l - 3 chunks of flesh


   Skills:
 - Level 1.0 Fighting
 - Level 2.0 Dodging
 + Level 3.9 Unarmed Combat
 - Level 2.0 Spellcasting
 - Level 2.0 Transmutations


You had 4 spell levels left.
You knew the following spells:

 Your Spells              Type           Power        Failure   Level  Hunger
a - Beastly Appendage     Tmut           #.....       10%         1    #......

Your spell library contained the following spells:

 Spells                   Type           Power        Failure   Level  Hunger
 Spider Form              Tmut/Pois      #.........   41%         3    ###....
 Blade Hands              Tmut           #.........   95%         5    ######.
 Ice Form                 Ice/Tmut       #.......     82%         4    #####..
 Sticks to Snakes         Tmut           #.......     14%         2    ###....


Dungeon Overview and Level Annotations

Branches:
Dungeon (2/15)

Altars:
Okawaru

Annotations:
D:1 Terence


Innate Abilities, Weirdness & Mutations

You cannot wear most types of armour.
You are very stealthy in the water. (Stealth+)
You are amphibious.
You can wear up to eight rings at the same time.
You can use your tentacles to constrict eight enemies at once.
Your skin changes colour to match your surroundings (Stealth+).
Your rubbery body absorbs attacks. (AC +1, EV +1)
One of your tentacles bears a large vicious spike.


Message History

e - 2 potions of flight Terence the Incautious comes into view.
He is wielding a flail.
Found a mace.
As you read the scroll of identify, it crumbles to dust.
h - 2 potions of ambrosia Terence shouts!
You hear an angry hiss.
You hear a shout!
Casting: Beastly Appendage (safe; 10% risk of failure)
Confirm with . or Enter, or press ? or * to list all spells.
One of your tentacles grows a vicious spike.
An adder comes into view.
Your transformation is almost over.
There is a stone staircase leading up here.
Terence bares his teeth.
Terence hits you with a flail!
Ouch! That really hurt!
You climb upwards.
There is a stone staircase leading down here.
Terence hits you with a flail!
Ouch! That really hurt!
You die...

##'#..................#
#.....................#
#.......#######....(..#
#.......# #.......#
##+####.# ###'#####
#......# #.#
#################.#####
.................@....#
................@>###.#
..#.(....#.####.#####'####
..#......#..# #.#........#
#...........###.#........#
..#######'#..##.#........#
.##.......##....#........#
##.#######.##...#........#
#.##.....##.##..#........#
.##.#####.##.#..#........#


You could see Terence.

Vanquished Creatures
  A dart slug (D:1)
  A leopard gecko (D:1)
  4 goblins
  3 hobgoblins
  3 bats (D:1)
  2 frilled lizards (D:1)
  2 kobolds (D:1)
16 creatures vanquished.

Notes
Turn   | Place    | Note
-------+----------+-------------------------------------------
     0 | D:1      | sking99 the Octopode Transmuter began the quest for the Orb.
     0 | D:1      | Reached XP level 1. HP: 13/13 MP: 3/3
   477 | D:1      | Reached XP level 2. HP: 18/18 MP: 3/5
  1111 | D:2      | Found an iron altar of Okawaru.
  1135 | D:2      | Became a worshipper of Warmaster Okawaru
  1223 | D:2      | Noticed Terence
  1242 | D:1      | Slain by Terence

Action                   || total
-------------------------++-------
Melee: Unarmed           ||    26
       Kick              ||     7
       Constrict         ||     6
       Tentacles         ||     4
 Cast: Beastly Appendage ||     8
  Use: Scroll            ||     2
 Stab: Sleeping          ||     2
  Eat: Chunk             ||     1
Armor: Skin              ||     2
Dodge: Dodged            ||    10
